 Dungeon Crawl Stone Soup version 0.29-a0-284-gf9362112df (webtiles) character file.

Game seed: 1554433542883503970

165 Dabor the Digger (level 5, 0/34 (38) HPs)
             Began as a Demigod Earth Elementalist on Mar 15, 2022.
             Slain by a wight
             ... wielding a +4 mace
              (1 damage)
             ... on level 4 of the Dungeon.
             The game lasted 00:05:45 (2772 turns).

Dabor the Digger (Demigod Earth Elementalist)       Turns: 2772, Time: 00:05:45

HP:   0/34 (38)     AC:  3    Str:  9    XL:     5   Next: 1%
MP:   6/11          EV: 12    Int: 24    God:
Gold: 218           SH:  0    Dex: 14    Spells: 8/9 levels left

rFire   . . .      SeeInvis .   t - +2 short sword (flame)
rCold   . . .      Faith    .   (no shield)
rNeg    . . .      Spirit   .   b - +0 robe
rPois   .          Reflect  .   k - +0 helmet {Int+3}
rElec   .          Harm     .   (no cloak)
rCorr   .          Rampage  .   (no gloves)
Will    .....                   (no boots)
Stlth   ++........              (no amulet)
HPRegen 0.11/turn               (no ring)
MPRegen 0.12/turn               (no ring)

@: heavily drained
A: high MP 1, forlorn, divine attributes
a: no special abilities


You were on level 4 of the Dungeon.
You visited 1 branch of the dungeon, and saw 4 of its levels.

You collected 218 gold pieces.

Inventory:

Hand Weapons
 t - a +2 short sword of flaming (weapon)
Missiles
 a - 16 stones
 q - a throwing net
Armour
 b - a +0 robe (worn)
 k - a +0 helmet of intelligence (worn)
Jewellery
 j - an amulet of guardian spirit
Wands
 r - a wand of charming (13)
Scrolls
 d - 2 scrolls of teleportation {unknown}
 e - a scroll of fog {unknown}
 g - a scroll of blinking {unknown}
 i - a scroll of vulnerability {unknown}
 m - a scroll of identify {unknown}
 p - 2 scrolls of amnesia {unknown}
 s - a scroll of enchant armour {unknown}
Potions
 c - a potion of magic
 f - 2 potions of berserk rage {unknown}
 h - 2 potions of flight {unknown}
 l - 3 potions of curing {unknown}
 n - a potion of degeneration {unknown}
 o - a potion of heal wounds


   Skills:
 + Level 2.6 Dodging
 + Level 2.9 Stealth
 + Level 2.5 Spellcasting
 + Level 2.1 Transmutations
 + Level 3.4 Earth Magic


You had 8 spell levels left.
You knew the following spells:

 Your Spells              Type           Power      Damage    Failure   Level
a - Sandblast             Erth           38%        2d10      2%          1

Your spell library contained the following spells:

 Spells                   Type           Power      Damage    Failure   Level
 Passwall                 Tmut/Erth      13%        N/A       5%          2
 Blink                    Tloc           6%         N/A       17%         2
 Stone Arrow              Conj/Erth      22%        3d8       17%         3
 Lesser Beckoning         Tloc           3%         N/A       34%         3
 Petrify                  Tmut/Erth      16%        N/A       34%         4
 Manifold Assault         Tloc           3%         N/A       97%         5


Dungeon Overview and Level Annotations

Branches:
Dungeon (4/15)
 Temple: D:4-7


Innate Abilities, Weirdness & Mutations

You have an increased reservoir of magic. (+10% MP)
You shall have no god before yourself.
Your divine heritage dramatically boosts your attributes as you level up.


Message History

Aiming: Sandblast (safe; 2% risk of failure)
Press: ? - help, Q - select action, (/) - cycle Shift-Dir - straight line, f - wight
Aim: a wight, wielding a +4 mace and wearing a +0 robe (79% to hit)
The blast of sand hits the wight but does no damage.
Aiming: Sandblast (safe; 2% risk of failure)
Press: ? - help, Q - select action, (/) - cycle Shift-Dir - straight line, f/p - wight
Aim: a wight, wielding a +4 mace and wearing a +0 robe (79% to hit)
The blast of sand hits the wight.
The wight is moderately damaged.
The wight misses you.
Aiming: Sandblast (safe; 2% risk of failure)
Press: ? - help, Q - select action, (/) - cycle Shift-Dir - straight line, f/p - wight
Aim: a wight, wielding a +4 mace and wearing a +0 robe (moderately damaged, 79% to hit)
The blast of sand misses the wight.
The wight hits you with a +4 mace.
A wight comes into view. It is wielding a +0 morningstar.
Aiming: Sandblast (safe; 2% risk of failure)
Press: ? - help, Q - select action, (/) - cycle Shift-Dir - straight line, f/p - wight
Aim: a wight, wielding a +4 mace and wearing a +0 robe (moderately damaged, 79% to hit)
The blast of sand hits the wight but does no damage.
The wight is moderately damaged.
The wight hits you with a +4 mace!
You feel drained.
Aiming: Sandblast (safe; 2% risk of failure)
Press: ? - help, Q - select action, (/) - cycle Shift-Dir - straight line, f/p - wight
Aim: a wight, wielding a +4 mace and wearing a +0 robe (moderately damaged, 79% to hit)
The blast of sand hits the wight!
The wight is almost destroyed.
The wight hits you with a +4 mace.
Aiming: Sandblast (safe; 2% risk of failure)
Press: ? - help, Q - select action, (/) - cycle Shift-Dir - straight line, f/p - wight
Aim: a wight, wielding a +4 mace and wearing a +0 robe (almost destroyed, 79% to hit)
The blast of sand misses the wight.
The wight hits you with a +4 mace!
* * * LOW HITPOINT WARNING * * *
You feel drained.
* * * LOW HITPOINT WARNING * * *
The wight attacks as you move away! The wight hits you with a +4 mace.
* * * LOW HITPOINT WARNING * * *
You feel drained.
You die...

. .# ... ##.$.. #.######.?....
#...z..)...... ######z###... .
#.z.# .##. <..#####@### #.#..
#..#.......# .. .# #..#####..##
.. .##.# ..# ###...##### ### ..#
##.> ..#.....#.....# #.##.# ##.#
###.#.#########.#####.#..###
##.###..... ##.....#......#
...#.[.#.### ####..............
#..........#####.................


You could see 2 wights.

Vanquished Creatures
  Jessica (D:2)
  Robin (D:2)
  5 gnolls
  2 adders
  A worm (D:2)
  A dart slug (D:3)
  6 orcs (D:3)
  A ball python (D:1)
  An endoplasm (D:1)
  2 giant cockroaches
  9 goblins (D:2)
  5 hobgoblins
  8 kobolds
  A quokka (D:4)
  5 bats
  2 frilled lizards (D:2)
  2 rats
53 creatures vanquished.

Vanquished Creatures (others)
  3 toadstools (D:3)
3 creatures vanquished.

Grand Total: 56 creatures vanquished

Notes
Turn   | Place    | Note
-------+----------+-------------------------------------------
     0 | D:1      | Dabor the Demigod Earth Elementalist began the quest for
                  | the Orb.
     0 | D:1      | Reached XP level 1. HP: 14/14 MP: 5/5
    18 | D:1      | Reached skill level 1 in Transmutations
    18 | D:1      | Reached XP level 2. HP: 20/20 MP: 2/7
   637 | D:2      | Reached skill level 3 in Earth Magic
   637 | D:2      | Reached XP level 3. HP: 18/26 MP: 2/8
   784 | D:2      | Noticed Robin
  1034 | D:2      | Killed Robin
  1612 | D:2      | Noticed Jessica
  1614 | D:2      | Killed Jessica
  1615 | D:2      | Reached XP level 4. HP: 33/33 MP: 8/10
  2438 | D:3      | Identified the +6 dagger "Ekydorei" {elec, *Rage *Slow
                  | rElec rPois}
  2685 | D:4      | Reached XP level 5. HP: 38/38 MP: 9/11
  2772 | D:4      | HP: 1/35 [wight/+4 mace (4)]
  2772 | D:4      | Slain by a wight

Illustrated notes

Levels and vault maps discovered:
D:1:      psy_arrival_dodecagon, layout_basic, ebering_ecumenical_altar_rust,
          dk_noncrumbling_4
D:2:      layout_basic, basic_altar, uniq_robin, uniq_jessica
D:3:      layout_loops_ring, minmay_gold_behind_fungi, serial_park_tiny_1,
          st_stairs_8, kennysheep_minor_cross, wad_orctagon
D:4:      layout_rooms, gammafunk_ghost_split, serial_shops,
          nicolae_shop_bloodbath_and_beyond, minmay_shop_damaged

Skill      XL: |  1  2  3  4 |
---------------+-------------+-----
Stealth        | 2 |  2.9
Transmutations | 1 2 |  2.1
Dodging        | 2 |  2.6
Spellcasting   | 2 |  2.5
Earth Magic    | 3 |  3.4

Action                   |  1- 3 |  4- 6 || total
-------------------------+-------+-------++-------
Melee: Unarmed           |     1 |       ||     1
 Cast: Sandblast         |    54 |    45 ||    99
Armor: Robe              |     5 |       ||     5
Dodge: Dodged            |    19 |    11 ||    30

Table legend: (Time is in decaauts)
 A = Elapsed time spent in this place.
 B = Non-inter-level travel time spent in this place.
 C = Inter-level travel time spent in this place.
 D = Time resting spent in this place.
 E = Time spent auto-exploring this place.
 F = Levels seen in this place.
 G = Mean time per level.
                   A        B        C        D        E       F      G
               +--------+--------+--------+--------+--------+-----+--------+
         Total |   2773 |   2716 |     57 |    275 |   1999 |   4 |  693.2 |
       Dungeon |   2773 |   2716 |     57 |    275 |   1999 |   4 |  693.2 |
               +--------+--------+--------+--------+--------+-----+--------+

Top non-repeatable levels by time:
     D:1: 904 daAuts
     D:3: 870 daAuts
     D:2: 861 daAuts
     D:4: 137 daAuts
